 Dungeon Crawl Stone Soup version 0.24-a0-516-g9de272bb65 (webtiles) character file.

Game seed: 17309112937900674666

260 Atelerd the Conjurer (level 6, -2/36 HPs)
             Began as an Octopode Conjurer on July 22, 2019.
             Slain by an orc priest
             ... wielding a +0 war axe
              (10 damage)
             ... on level 3 of the Dungeon.
             The game lasted 00:03:34 (2834 turns).

Atelerd the Conjurer (Octopode Conjurer)            Turns: 2834, Time: 00:03:35

Health: -2/36      AC:  1    Str:  8    XL:     6   Next: 17%
Magic:  4/13       EV: 13    Int: 19    God:
Gold:   21         SH:  0    Dex: 12    Spells: 5/14 levels left

rFire    . . .     SeeInvis .   d - +0 dagger
rCold    . . .     Gourm    .   (no shield)
rNeg     . . .     Faith    .   (helmet restricted)
rPois    .         Spirit   .   (no amulet)
rElec    .         Reflect  .   (no ring)
rCorr    .         Harm     .   (no ring)
MR       .....                  (no ring)
Stlth    +++.......             (no ring)
HPRegen  0.12/turn              (no ring)
MPRegen  0.13/turn              (no ring)
                                (no ring)
                                (no ring)

@: no status effects
A: almost no armour, stealthy swim, amphibious, 8 rings, constrict 8, camouflage
1, gelatinous body 1
a: no special abilities


You were on level 3 of the Dungeon.
You were hungry.

You visited 1 branch of the dungeon, and saw 3 of its levels.

You collected 21 gold pieces.

Inventory:

Hand Weapons
 d - a +0 dagger (weapon)
Jewellery
 f - an uncursed amulet of faith {unknown}
Scrolls
 a - a scroll of random uselessness {unknown}
 c - a scroll of enchant armour {unknown}
 e - 4 scrolls of identify {unknown}
 g - a scroll of magic mapping {unknown}
 j - a scroll of enchant weapon {unknown}
 k - a scroll of immolation {unknown}
Potions
 h - a potion of curing {unknown}
 i - a potion of degeneration {unknown}
 l - a potion of lignification {unknown}
 m - a potion of heal wounds {unknown}
Comestibles
 b - 3 rations
 n - a chunk of flesh


   Skills:
 - Level 2.0 Dodging
 - Level 2.6 Stealth
 * Level 4.9 Spellcasting
 + Level 5.2 Conjurations


You had 5 spell levels left.
You knew the following spells:

 Your Spells              Type           Power        Failure   Level  Hunger
a - Magic Dart            Conj           ###.         1%          1    None
b - Iskenderun's Mystic   Conj           ###.....     14%         4    ####...
c - Force Lance           Conj/Tloc      ##......     38%         4    ####...

Your spell library contained the following spells:

 Spells                   Type           Power        Failure   Level  Hunger
 Searing Ray              Conj           ###...       2%          2    #......
 Dazzling Spray           Conj/Hex       ##....       13%         3    ##.....
 Fulminant Prism          Conj/Hex       ##........   38%         4    ####...


Dungeon Overview and Level Annotations

Branches:
Dungeon (3/15)

Altars:
Xom


Innate Abilities, Weirdness & Mutations

You cannot wear most types of armour.
You are very stealthy in the water. (Stealth+)
You are amphibious.
You can wear up to eight rings at the same time.
You can use your tentacles to constrict eight enemies at once.
Your skin changes colour to match your surroundings (Stealth+).
Your rubbery body absorbs attacks. (AC +1, EV +1)


Message History

Press: ? - help, Shift-Dir - straight line, f/p - orc
Aim: an orc, wielding a +0 whip (heavily wounded)
The magic dart hits the orc.
You kill the orc!
You hit the orc priest but do no damage.
You grab the orc priest. You constrict the orc priest.
The orc priest hits you with a +0 war axe!
* * * LOW HITPOINT WARNING * * *
Casting: Magic Dart (safe; 1% risk of failure)
Confirm with . or Enter, or press ? or * to list all spells.
Aiming: Iskenderun's Mystic Blast (safe; 14% risk of failure)
Press: ? - help, Shift-Dir - straight line, f - orc priest
Aim: an orc priest, wielding a +0 war axe and wearing a +0 chain mail (lightly wounded, constricted by you)
The orb of energy hits the orc priest.
The orc priest is heavily wounded.
The orb of energy explodes!
You are feeling hungry.
You constrict the orc priest, but do no damage.
The orc priest hits you with a +0 war axe!
You die...

...#....... ####...##.##
######..##.##
...........# ##
#.#####..#..## #. #
#.......#.... #.####.##
.#.####...#.###
#.......####.#####...#.#
######..o@...........#.#
##.####.#####.#.#.# ...#
#.#####.#.#.# #####
#...........#
#############


You could see an orc priest.

Vanquished Creatures
  Sigmund (D:3)
  An adder (D:2)
  An ooze (D:3)
  A worm (D:2)
  3 dart slugs
  2 leopard geckos (D:1)
  6 orcs (D:3)
  11 bats
  4 giant cockroaches
  5 goblins
  5 hobgoblins
  5 jackals
  A quokka (D:2)
  4 frilled lizards
  4 kobolds
  4 rats
58 creatures vanquished.

Notes
Turn   | Place    | Note
-------+----------+-------------------------------------------
     0 | D:1      | Atelerd the Octopode Conjurer began the quest for the Orb.
     0 | D:1      | Reached XP level 1. HP: 11/11 MP: 3/3
   346 | D:1      | Reached XP level 2. HP: 16/17 MP: 0/5
   865 | D:1      | Reached XP level 3. HP: 18/21 MP: 2/7
  1132 | D:1      | Found a shimmering altar of Xom.
  1667 | D:2      | Reached XP level 4. HP: 25/27 MP: 1/9
  1707 | D:2      | Learned a level 4 spell: Iskenderun's Mystic Blast
  1712 | D:2      | Learned a level 4 spell: Force Lance
  2231 | D:3      | Noticed Sigmund
  2697 | D:3      | Killed Sigmund
  2697 | D:3      | Reached skill level 5 in Conjurations
  2697 | D:3      | Reached XP level 5. HP: 22/31 MP: 0/12
  2697 | D:3      | Reached XP level 6. HP: 26/36 MP: 0/13
  2834 | D:3      | Slain by an orc priest

Levels and vault maps discovered:
D:1:      dpeg_arrival_arbitrary_b, layout_loops_ring, xom_teletrap_fun
D:2:      layout_basic, grunt_ministairs_4
D:3:      layout_loops_ring, uniq_sigmund, uniq_natasha, uniq_terence

Skill      XL: |  1  2  3  4 |
---------------+-------------+-----
Spellcasting   | 3 4 |  4.9
Conjurations   | 5 |  5.2
Dodging        | |  2.0
Stealth        | |  2.6

Action                   |  1- 3 |  4- 6 || total
-------------------------+-------+-------++-------
Melee: Dagger            |    36 |    28 ||    64
       Constrict         |    11 |     7 ||    18
       Tentacles         |     2 |     3 ||     5
 Cast: Magic Dart        |    58 |    38 ||    96
       Iskenderun's Myst |       |     3 ||     3
 Stab: Sleeping          |     5 |     2 ||     7
  Eat: Chunk             |     2 |     4 ||     6
Armor: Skin              |     3 |     2 ||     5
Dodge: Dodged            |    22 |    21 ||    43

Table legend:
 A = Non-vault XP
 B = Vault XP
 C = Vault XP percentage of total XP
 D = Non-vault monster count
 E = Vault monster count
 F = Vault count percentage of total count
                 A         B        C        D         E       F
            +---------+---------+-------+---------+---------+-------
      Total |     115 |     257 |  69.1 |      55 |       3 |   5.2
            +---------+---------+-------+---------+---------+-------
        D:1 |      50 |       0 |   0.0 |      26 |       0 |   0.0
        D:2 |      29 |      19 |  39.6 |      16 |       2 |  11.1
        D:3 |      36 |     238 |  86.9 |      13 |       1 |   7.1
            +---------+---------+-------+---------+---------+-------
